 Dungeon Crawl Stone Soup version 0.28.0-45-g0d030f2227 (webtiles) character file.

Game seed: 319791319897570444

6 NinjaNoafa the Conjurer (level 1, -2/14 HPs)
             Began as a Draconian Conjurer on Apr 16, 2022.
             Slain by a quokka (4 damage)
             ... on level 1 of the Dungeon.
             The game lasted 00:01:17 (331 turns).

NinjaNoafa the Conjurer (Draconian Conjurer)         Turns: 331, Time: 00:01:18

Health: -2/14      AC:  4    Str:  9    XL:     1   Next: 75%
Magic:  1/3        EV: 12    Int: 18    God:
Gold:   16         SH:  0    Dex:  9    Spells: 3/4 levels left

rFire   . . .      SeeInvis .   (no weapon)
rCold   . . .      Faith    .   (no shield)
rNeg    . . .      Spirit   .   (armour unavailable)
rPois   .          Reflect  .   (helmet restricted)
rElec   .          Harm     .   (no cloak)
rCorr   .          Rampage  .   (no gloves)
Will    .....                   (no boots)
Stlth   ++........              (no amulet)
HPRegen 0.04/turn               (no ring)
MPRegen 0.08/turn               (no ring)

@: no status effects
A: AC +4, unfitting armour, cold-blooded
a: no special abilities


You were on level 1 of the Dungeon.
You visited 1 branch of the dungeon, and saw 1 of its levels.

You collected 16 gold pieces.

You aren't carrying anything.


   Skills:
 + Level 1.9 Dodging
 - Level 1.7 Stealth
 + Level 2.1 Spellcasting
 * Level 4.1 Conjurations
 + Level 0.3 Hexes


You had 3 spell levels left.
You knew the following spells:

 Your Spells              Type           Power      Damage    Failure   Level
a - Magic Dart            Conj           64%        1d6       3%          1

Your spell library contained the following spells:

 Spells                   Type           Power      Damage    Failure   Level
 Searing Ray              Conj           32%        2d5       4%          2
 Dazzling Flash           Conj/Hex       18%        N/A       22%         3
 Fulminant Prism          Conj/Hex       4%         3d6       56%         4
 Iskenderun's Mystic Bla  Conj/Tloc      9%         2d4       58%         4


Dungeon Overview and Level Annotations

Branches:
Dungeon (1/15)

Altars:


Innate Abilities, Weirdness & Mutations

Your plain brown scales are hard. (AC +4)
You cannot fit into any form of body armour.
You are cold-blooded and may be slowed by cold attacks.


Message History

The quokka misses you.
The quokka bites you but does no damage.
Casting: Magic Dart (safe; 3% risk of failure)
Confirm with . or Enter, or press ? or * to list all spells.
Aiming: Magic Dart (safe; 3% risk of failure)
Press: ? - help, Shift-Dir - straight line, f/p - quokka
Aim: a quokka (heavily wounded, 100% to hit)
The magic dart hits the quokka but does no damage.
The quokka is heavily wounded.
The quokka bites you.
You closely miss the quokka.
The quokka is heavily wounded.
The quokka barely misses you. x2
You closely miss the quokka.
The quokka is heavily wounded.
The quokka closely misses you. The quokka bites you. The quokka bites you.
A rat comes into view.
The quokka bites you but does no damage.
The rat barely misses you.
You barely miss the rat.
Your tail-slap misses the rat.
The rat bites you but does no damage.
The quokka twitches its whiskers.
The quokka barely misses you.
You hit the rat.
You tail-slap the rat, but do no damage.
The rat is heavily wounded.
The rat bites you.
* * * LOW HITPOINT WARNING * * *
The quokka bites you but does no damage.
You hit the rat.
The rat is heavily wounded.
The rat bites you.
* * * LOW HITPOINT WARNING * * *
The quokka closely misses you.
You hit the rat but do no damage.
The rat is heavily wounded.
The quokka bites you.
You die...

###### .≈...#
≈≈≈..# ### ≈≈≈≈≈#
..#
≈≈≈≈.###########.#
≈≈≈≈..........##.#
≈≈≈..######.#.##.#
≈≈≈≈.# ...#.##r#
≈≈≈....##.###.##@#
≈≈≈≈≈#.... #.##r#
≈≈≈≈≈###### #....#
≈≈≈≈.# ######
≈≈≈..# ....≈#
######


You could see a quokka and a rat.

Vanquished Creatures
  2 bats (D:1)
  An endoplasm (D:1)
  A giant cockroach (D:1)
  A ball python (D:1)
  A rat (D:1)
6 creatures vanquished.

Notes
Turn   | Place    | Note
-------+----------+-------------------------------------------
     0 | D:1      | NinjaNoafa the Draconian Conjurer began the quest for the
                  | Orb.
     0 | D:1      | Reached XP level 1. HP: 14/14 MP: 3/3
   139 | D:1      | Found a faded altar of an unknown god.
   331 | D:1      | Slain by a quokka

Illustrated notes

Levels and vault maps discovered:
D:1:      dpeg_arrival_round_c, layout_basic, chequers_ecumenical_altar_island,
          due_unseen_surprise

Action                   || total
-------------------------++-------
Melee: Unarmed           ||    29
       Tailslap          ||     3
       Punch             ||     1
 Cast: Magic Dart        ||    15
Armor: Skin              ||    17
Dodge: Dodged            ||    31
